 Dungeon Crawl Stone Soup version 0.20.1-1-g8b1a95d (webtiles) character file.

12730 nightbobicus the Protected (level 11, -5/150 HPs)
             Began as a Hill Orc Fighter on Aug 10, 2017.
             Was a Priest of Beogh.
             Slain by an orc knight
             ... wielding a +2 bardiche
              (33 damage)
             ... on level 9 of the Dungeon.
             The game lasted 00:37:54 (11973 turns).

nightbobicus the Protected (Hill Orc Fighter)      Turns: 11973, Time: 00:37:57

Health: -5/150     AC: 19    Str: 30    XL:     11   Next: 97%
Magic:  24/24      EV:  7    Int:  8    God:    Beogh [***...]
Gold:   622        SH: 14    Dex: 11    Spells: 12/15 levels left

rFire    . . .     SeeInvis .   t - +8 short sword of Joakkeum {pierce, MP+9}
rCold    . . .     Gourm    .   c - +2 shield
rNeg     . . .     Faith    .   x - +0 plate armour
rPois    .         Spirit   .   z - +0 helmet
rElec    .         Reflect  .   (no cloak)
rCorr    .         Harm     .   g - +1 pair of gloves {Str+3}
MR       ++...                  (no boots)
Stlth    ..........             l - amulet of rage
Regen    0.4/turn               N - +4 ring of slaying
MPRegen  0.2/turn               v - ring of protection from magic

@: berserking, starving, very quick
A: magic resistance 1, MP-powered wands
a: Smiting, Renounce Religion, Evoke Berserk Rage


You were on level 9 of the Dungeon.
You worshipped Beogh.
Beogh was most pleased with you.
You were starving.

You visited 3 branches of the dungeon, and saw 13 of its levels.
You also visited: Ossuary.

You collected 622 gold pieces.

Inventory:

Hand Weapons
 a - a +1 war axe of draining
 t - the +8 short sword of Joakkeum (weapon) {pierce, MP+9}
   (You found it on level 2 of the Dungeon)

   It inflicts extra damage upon your enemies.
   It affects your magic capacity (+9).
 P - a +2 flail of protection
Missiles
 b - a throwing net (quivered)
Armour
 c - a +2 shield (worn)
 g - a +1 pair of gloves of strength (worn)
 x - a +0 plate armour (worn)
 z - a +0 helmet (worn)
 O - +0 steam dragon scales
Magical Staves
 S - an uncursed staff of energy {unknown}
Jewellery
 l - an amulet of rage (around neck)
 n - an uncursed ring of see invisible
 v - a ring of protection from magic (right hand)
 w - an uncursed ring of ice
 A - a +1 ring of evasion
 F - an uncursed ring of fire
 H - the ring of Surprise {*Tele rF+ MR+ Str+4 Int-3}
   (You found it on level 10 of the Dungeon)

   [ring of teleportation]

   It may teleport you next to monsters.
   It affects your strength (+4).
   It affects your intelligence (-3).
   It protects you from fire.
   It affects your resistance to hostile enchantments.
 N - a +4 ring of slaying (left hand)
Wands
 y - a wand of random effects (23/48)
 G - a wand of paralysis (16/24)
 R - a wand of random effects (18/48)
Scrolls
 i - 4 scrolls of recharging
 m - 3 scrolls of enchant weapon
 B - 7 scrolls of remove curse
 C - 4 scrolls of random uselessness
 D - 5 scrolls of teleportation
 L - a scroll of brand weapon
 M - 2 scrolls of identify
 Q - a scroll of amnesia
 T - a scroll of acquirement
Potions
 d - 3 potions of might
 e - 2 potions of magic
 o - 3 potions of brilliance
 p - 4 potions of cancellation
 q - 2 potions of mutation
 s - 4 potions of lignification
 u - 6 potions of curing
 E - a potion of flight {unknown}
Books
 I - a book of Conjurations

   Spells                             Type                      Level
   a - Magic Dart                     Conjuration                  1
   b - Searing Ray                    Conjuration                  2
   c - Dazzling Spray                 Conjuration/Hexes            3
   d - Fulminant Prism                Conjuration/Hexes            4
   e - Force Lance                    Conjuration/Translocation    4
   f - Iskenderun's Mystic Blast      Conjuration                  4
 J - a book of Frost

   Spells                             Type                      Level
   a - Freeze                         Ice                          1
   b - Throw Frost                    Conjuration/Ice              2
   c - Ozocubu's Armour               Charms/Ice                   3
   d - Throw Icicle                   Conjuration/Ice              4
   e - Summon Ice Beast               Ice/Summoning                4
 K - a book of Misfortune

   Spells                             Type                      Level
   a - Confusing Touch                Hexes                        1
   b - Confuse                        Hexes                        3
   c - Gell's Gravitas                Translocation                3
   d - Petrify                        Transmutation/Earth          4
   e - Metabolic Englaciation         Hexes/Ice                    5
   f - Yara's Violent Unravelling     Hexes/Transmutation          5
Comestibles
 f - 10 bread rations
 h - 6 royal jellies
 j - 5 fruits
 r - 6 meat rations


   Skills:
 + Level 10.2 Fighting
 + Level 9.4 Short Blades
 - Level 3.5 Axes
 * Level 11.5 Armour
 + Level 9.7 Shields
 - Level 2.7 Spellcasting
 - Level 1.6 Hexes
 - Level 3.7 Invocations


You had 12 spell levels left.
You knew the following spells:

 Your Spells              Type           Power        Failure   Level  Hunger
a - Confuse               Hex            #.......     100%        3    ####...


Dungeon Overview and Level Annotations

Branches:
Dungeon (11/15)            Temple (0/1) D:7            Lair (1/6) D:11
    Orc (1/2) D:9

Altars:
Ashenzari
Cheibriados
Elyvilon
Hepliaklqana
Kikubaaqudgha
Makhleb
Okawaru
Qazlal
Ru
Uskayaw
Xom

Shops:
D:9 *


Innate Abilities, Weirdness & Mutations

You are resistant to hostile enchantments. (MR+)
You expend magic power (3 MP) to strengthen your wands.


Message History

Your orc warrior hits the orc with a hand axe.
Your orc warrior hits the orc warrior but does no damage.
You climb upwards.
Welcome back to the Dungeon!
There is a staircase to the Orcish Mines, spattered with blood here.
You feel better. The orc barely misses you.
The orc warrior completely misses you. You block the orc's attack.
The orc completely misses your orc warrior.
The orc warrior hits you with a battleaxe!
* * * LOW HITPOINT WARNING * * *
Your orc warrior hits the orc with a hand axe!
The orc dies!
Beogh accepts your kill.
Your orc warrior closely misses the orc knight.
A red film seems to cover your vision as you go berserk!
You feel yourself moving faster!
You feel mighty!
Your orc warrior no longer looks unusually strong.
You block the orc's attack.
The orc knight hits you with an enchanted bardiche!!
You die...
Beogh appreciates the orc knight's killing of a heretic priest.

#######################
................#...≈.#
!..........(....#....≈#
....##...).!..........###
...............o.)....#.#
..).....[).....o@o..#.#!#
........[......oo...#.#!#
..........[.....)...#.'!#
#########################
# #.........#....#
####............###
...#............#####
...#...#......#.#...#
.....#.#....#.#...#.#


You could see an orc knight, 2 orc warriors, an orc and a friendly orc warrior.

Vanquished Creatures
  Josephine (D:11)
  2 two-headed ogres
  2 skeletal warriors (D:10)
  An unseen horror (D:9)
  Pikel (D:4)
  A cyclops (D:11)
  A troll (D:10)
  A hippogriff (D:11)
  Sigmund (D:3)
  A spriggan (D:10)
  5 wraiths (D:11)
  A wyvern (D:10)
  2 hungry ghosts (D:8)
  2 steam dragons
  3 yaks (D:10)
  Edmund (D:5)
  Duvessa (D:7)
  3 sky beasts
  A swamp drake (D:9)
  An eye of draining (D:11)
  An ice beast (D:5)
  8 orc warriors
  6 ogres
  3 phantoms
  2 crocodiles (D:10)
  3 big kobolds
  An elf zombie (D:6)
  An elf skeleton (D:6)
  8 bullfrogs
  Dowan (D:7)
  2 scorpions
  4 killer bees (D:10)
  5 wights
  3 howler monkeys (D:11)
  The ghost of dscm the Digger, a weakling OpEE (D:3)
  A bullfrog zombie (D:5)
  A centaur zombie (Ossuary)
  4 crimson imps
  7 orc priests
  2 jellies (D:10)
  2 human zombies
  5 hounds
  A bullfrog skeleton (D:5)
  12 orc wizards
  Jessica (D:2)
  2 human skeletons (D:6)
  3 iguanas
  Ijyb (D:3)
  Natasha (thrice) (D:3)
  Terence (D:3)
  9 worker ants
  A hound skeleton (D:9)
  4 mummies (Ossuary)
  2 worker ant zombies
  3 gnolls (D:4)
  9 adders
  2 shadow imps
  2 adder skeletons (D:8)
  4 worms
  3 leopard geckos
  42 orcs
  5 giant cockroaches
  2 gnoll zombies (Ossuary)
  5 hobgoblins
  11 jackals
  6 quokkas
  3 ball pythons
  11 bats
  8 frilled lizards
  11 goblins
  A jackal skeleton (D:4)
  16 kobolds
  3 kobold zombies (Ossuary)
  An orc skeleton (D:6)
  An orc zombie (Ossuary)
  2 quokka skeletons
  6 rats
  A bush (D:7)
301 creatures vanquished.

Vanquished Creatures (collateral kills)
  An orc wizard (D:11)
  3 orcs
4 creatures vanquished.

Vanquished Creatures (others)
  2 orc warriors (D:11)
  2 slaves (D:4)
  An ogre (D:4)
  2 orcs
7 creatures vanquished.

Grand Total: 312 creatures vanquished

Notes
Turn   | Place    | Note
-------+----------+-------------------------------------------
     0 | D:1      | nightbobicus the Hill Orc Fighter began the quest for the Orb.
     0 | D:1      | Reached XP level 1. HP: 19/19 MP: 1/1
   314 | D:1      | Reached XP level 2. HP: 20/27 MP: 2/2
   916 | D:2      | Reached XP level 3. HP: 33/33 MP: 3/3
  1063 | D:2      | Got an ancient short sword
  1064 | D:2      | Identified the +8 short sword of Joakkeum {pierce, MP+9} (You found it on level 2 of the Dungeon)
  1505 | D:2      | Reached XP level 4. HP: 40/40 MP: 4/4
  1556 | D:2      | Reached skill level 1 in Short Blades
  1778 | D:2      | Noticed Jessica
  1785 | D:2      | Killed Jessica
  1930 | D:3      | Found a stormy altar of Qazlal.
  2004 | D:3      | Reached skill level 4 in Armour
  2004 | D:3      | Reached XP level 5. HP: 27/47 MP: 5/5
  2053 | D:3      | Noticed dscm's ghost (weakling OpEE)
  2064 | D:3      | Killed dscm's ghost
  2088 | D:3      | Noticed Natasha
  2103 | D:3      | Killed Natasha
  2298 | D:3      | Noticed Terence
  2304 | D:3      | Killed Terence
  2330 | D:3      | Noticed Sigmund
  2330 | D:3      | Noticed Ijyb
  2338 | D:3      | Killed Ijyb
  2338 | D:3      | Reached XP level 6. HP: 42/55 MP: 6/6
  2346 | D:3      | Killed Sigmund
  2346 | D:3      | Reached skill level 5 in Fighting
  2448 | D:3      | Noticed Natasha
  2460 | D:3      | Killed Natasha
  2492 | D:3      | Noticed Natasha
  2497 | D:3      | Killed Natasha
  2497 | D:3      | Reached XP level 7. HP: 47/61 MP: 7/7
  2880 | D:4      | Noticed Pikel
  2898 | D:4      | Killed Pikel
  2898 | D:4      | Reached skill level 5 in Short Blades
  2898 | D:4      | Reached skill level 5 in Armour
  2898 | D:4      | Reached skill level 5 in Shields
  2898 | D:4      | Reached XP level 8. HP: 55/70 MP: 8/8
  3680 | D:5      | Entered Level 5 of the Dungeon
  4165 | D:4      | Reached skill level 6 in Armour
  4518 | D:5      | Noticed Edmund
  4527 | D:5      | Killed Edmund
  4527 | D:5      | Reached XP level 9. HP: 71/80 MP: 9/9
  4995 | D:6      | Found a sacrificial altar of Ru.
  5157 | D:6      | Found a sand-covered staircase.
  5169 | Ossuary  | Entered an ossuary
  5506 | D:6      | Gained mutation: You expend magic power (3 MP) to strengthen your wands. [potion of mutation]
  5506 | D:6      | Gained mutation: You are resistant to hostile enchantments. (MR+) [potion of mutation]
  5790 | D:6      | Reached skill level 7 in Armour
  5793 | D:6      | Found an iron altar of Okawaru.
  5793 | D:6      | Found a burning altar of Makhleb.
  5841 | D:6      | Found an ancient bone altar of Kikubaaqudgha.
  5842 | D:6      | Found a snail-covered altar of Cheibriados.
  5842 | D:6      | Found a hide-covered altar of Uskayaw.
  5842 | D:6      | Found a shimmering altar of Xom.
  5843 | D:6      | Found a shattered altar of Ashenzari.
  6193 | D:7      | Got a twisted quarterstaff
  6288 | D:7      | Noticed Dowan
  6290 | D:7      | Noticed Duvessa
  6298 | D:7      | Killed Duvessa
  6311 | D:7      | Killed Dowan
  6613 | D:7      | Reached XP level 10. HP: 59/88 MP: 10/10
  6779 | D:7      | Became a worshipper of Beogh the Brigand
  6983 | D:7      | Found a staircase to the Ecumenical Temple.
  7419 | D:8      | Reached skill level 8 in Armour
  7449 | D:8      | Reached skill level 1 in Invocations
  7733 | D:8      | Found a white marble altar of Elyvilon.
  7823 | D:8      | Reached skill level 1 in Spellcasting
  7892 | D:8      | Noticed a two-headed ogre
  7899 | D:8      | Killed a two-headed ogre
  8083 | D:9      | Found Syranips's Assorted Antiques.
  8109 | D:9      | Reached * piety under Beogh
  8567 | D:9      | Noticed a two-headed ogre
  8583 | D:9      | Killed a two-headed ogre
  8583 | D:9      | Reached skill level 9 in Armour
  8735 | D:9      | Noticed an unseen horror
  8741 | D:9      | Killed an unseen horror
  8806 | D:9      | Learned a level 3 spell: Confuse
  8965 | D:9      | Found a staircase to the Orcish Mines.
  9009 | D:9      | Reached XP level 11. HP: 47/97 MP: 14/14
  9217 | D:9      | Reached skill level 1 in Hexes
  9379 | D:10     | Entered Level 10 of the Dungeon
  9534 | D:10     | Identified a scroll of acquirement
  9786 | D:10     | Reached skill level 10 in Armour
  9853 | D:10     | Reached ** piety under Beogh
 10149 | D:10     | Got a smoking silver ring
 10609 | D:11     | Found a flagged portal.
 10680 | D:11     | Noticed a cyclops
 10693 | D:11     | Killed a cyclops
 10693 | D:11     | Reached *** piety under Beogh
 10761 | D:11     | Found a hazy altar of Hepliaklqana.
 10769 | D:11     | Identified the ring of Surprise {*Tele rF+ MR+ Str+4 Int-3} (You found it on level 10 of the Dungeon)
 11086 | D:11     | Found a staircase to the Lair.
 11151 | D:11     | Reached skill level 11 in Armour
 11152 | D:11     | Noticed Josephine
 11165 | D:11     | Killed Josephine
 11179 | D:11     | Reached skill level 10 in Fighting
 11528 | Lair:1   | Entered Level 1 of the Lair of Beasts
 11635 | D:11     | Noticed a skeletal warrior
 11637 | D:11     | Noticed a skeletal warrior
 11644 | D:11     | Noticed a skeletal warrior
 11652 | D:10     | Killed a skeletal warrior
 11658 | D:10     | Killed a skeletal warrior
 11953 | Orc:1    | Entered Level 1 of the Orcish Mines
 11953 | Orc:1    | Noticed an orc knight
 11953 | Orc:1    | Noticed an orc knight
 11973 | D:9      | Slain by an orc knight

Skill      XL: |  1  2  3  4  5  6  7  8  9 10 11 |
---------------+----------------------------------+-----
Axes           | 3 |  3.5
Fighting       | 4 5 6 7 9 10 | 10.2
Short Blades   | 1 2 3 5 6 8 9 |  9.4
Shields        | 4 5 6 7 8 9 |  9.7
Armour         | 4 5 6 7 9 11 | 11.5
Invocations    | 3 |  3.7
Spellcasting   | 2 |  2.7
Hexes          | 1 |  1.6

Action                   |  1- 3 |  4- 6 |  7- 9 | 10-12 || total
-------------------------+-------+-------+-------+-------++-------
Melee: War axe           |    71 |       |       |       ||    71
       Short sword       |    39 |    96 |   383 |   576 ||  1094
Invok: Convert to Beogh  |       |       |       |     1 ||     1
Evoke: Wand              |       |       |       |     5 ||     5
  Use: Scroll            |       |    10 |     7 |     9 ||    26
       Potion            |       |     1 |     8 |     3 ||    12
 Stab: Paralysed         |       |       |       |     2 ||     2
  Eat: Chunk             |     1 |     4 |     4 |    14 ||    23
       Bread ration      |       |       |     2 |       ||     2
       Royal jelly       |       |       |       |     2 ||     2
Armor: Scale mail        |    66 |    47 |       |       ||   113
       Plate armour      |       |    14 |   192 |   191 ||   397
       Skin              |       |       |       |     2 ||     2
Dodge: Dodged            |    35 |    37 |    41 |    52 ||   165
Block: Shield            |    75 |    85 |   185 |   261 ||   606
